 Dungeon Crawl Stone Soup version 0.26-a0-658-gbdda728c12 (webtiles) character file.

Game seed: 5411997710583334463

21 flotson the Grasshopper (level 2, 0/23 HPs)
             Began as a Barachi Warper on Oct 5, 2020.
             Slain by an adder (3 damage)
             ... on level 2 of the Dungeon.
             The game lasted 00:02:26 (1218 turns).

flotson the Grasshopper (Barachi Warper)            Turns: 1218, Time: 00:02:26

Health: 0/23       AC:  5    Str: 12    XL:     2   Next: 87%
Magic:  5/5        EV: 10    Int: 13    God:
Gold:   32         SH:  6    Dex: 11    Spells: 4/6 levels left

rFire    . . .     SeeInvis .   a - +0 dagger (drain)
rCold    . . .     Faith    .   g - +0 kite shield
rNeg     . . .     Spirit   .   c - +0 ring mail
rPois    .         Reflect  .   (no helmet)
rElec    .         Harm     .   (no cloak)
rCorr    .         Rampage  .   (no gloves)
MR       .....                  (no boots)
Stlth    +.........             (no amulet)
HPRegen  0.07/turn              (no ring)
MPRegen  0.09/turn              (no ring)

@: lethally poisoned (0 -> -8), can't hop, slow
A: +LOS, swims, repulsion field 1, blurry vision 1, slowness 1, evolution 1,
strong legs 1
a: Hop


You were on level 2 of the Dungeon.
You visited 1 branch of the dungeon, and saw 2 of its levels.

You collected 32 gold pieces.

Inventory:

Hand Weapons
 a - a +0 dagger of draining (weapon)
Missiles
 e - 5 boomerangs of dispersal (quivered)
Armour
 c - a +0 ring mail (worn)
 g - a +0 kite shield (worn)
Scrolls
 b - 2 scrolls of identify {unknown}
 d - 2 scrolls of blinking
 f - 3 scrolls of remove curse {unknown}
 i - 2 scrolls of magic mapping {unknown}
 j - a scroll of random uselessness {unknown}
 k - a scroll of fog {unknown}


   Skills:
 + Level 2.7 Fighting
   Level 2.0 Polearms
 + Level 1.1 Throwing
 + Level 1.4 Armour
 + Level 2.7 Dodging
 + Level 0.1 Shields
 + Level 2.5 Spellcasting
 + Level 3.5 Translocations


You had 4 spell levels left.
You knew the following spells:

 Your Spells              Type           Power        Failure   Level
a - Blink                 Tloc           N/A          80%         2

Your spell library contained the following spells:

 Spells                   Type           Power        Failure   Level
 Gell's Gravitas          Tloc           ##........   95%         3
 Lesser Beckoning         Tloc           ##........   95%         3
 Teleport Other           Tloc           ##......     95%         3
 Passage of Golubria      Tloc           N/A          100%        4


Dungeon Overview and Level Annotations

Branches:
Dungeon (2/15)

Altars:
Cheibriados


Innate Abilities, Weirdness & Mutations

You can be seen from farther away. (+LOS)
You can swim through water.
You cover ground slowly.
You can hop short distances.
You are surrounded by a mild repulsion field. (EV +2)
Scrolls take you a little longer to read.
You evolve.


Message History

You hit the adder.
The adder is lightly wounded.
You feel sick. The adder bites you.
You closely miss the adder.
The adder is lightly wounded.
The adder bites you but does no damage. The adder bites you.
* * * LOW HITPOINT WARNING * * *
You are lethally poisoned!
The adder poisons you!
Okay, then.
Press: ? - help, Dir - move target cursor Boing!
* * * LOW HITPOINT WARNING * * *
You feel sick.
It was a potion of mutation.
You feel extremely strange.
You feel nature experimenting on you.
Don't worry, failures die fast.
Your vision blurs.
You begin to radiate repulsive energy.
* * * LOW HITPOINT WARNING * * *
You feel sick. The adder bites you.
You die...

#######.###
#...# ###.# #(#
# ..#.# #. #.
#.#.#
S.###.#####.#.#
...$g.......#.#
...)........#@#
............#S#
............#○#
........g...#)#
..............#
........()(...#
............#.#
............#.#
$......_....#.#


You could see an adder.

Vanquished Creatures
  A leopard gecko (D:1)
  A bat (D:1)
  4 goblins
  5 hobgoblins
  2 ball pythons (D:1)
  A frilled lizard (D:2)
  A kobold (D:1)
  4 rats
19 creatures vanquished.

Notes
Turn   | Place    | Note
-------+----------+-------------------------------------------
     0 | D:1      | flotson the Barachi Warper began the quest for the Orb.
     0 | D:1      | Reached XP level 1. HP: 17/17 MP: 3/3
   281 | D:1      | Reached XP level 2. HP: 20/23 MP: 5/5
   285 | D:1      | Learned a level 2 spell: Blink
  1144 | D:2      | Found a faded altar of an unknown god.
  1184 | D:2      | Found a snail-covered altar of Cheibriados.
  1218 | D:2      | Gained mutation: You evolve. [potion of mutation]
  1218 | D:2      | Gained mutation: Scrolls take you a little longer to read.
                  | [potion of mutation]
  1218 | D:2      | Gained mutation: You are surrounded by a mild repulsion
                  | field. (EV +2) [potion of mutation]
  1218 | D:2      | Slain by an adder

Illustrated notes

Levels and vault maps discovered:
D:1:      dpeg_arrival_rhombi, layout_basic
D:2:      layout_basic, overflow_temple_1_default,
          chequers_ecumenical_altar_island

Action                   || total
-------------------------++-------
Melee: Dagger            ||    65
       Spear             ||     3
 Abil: Hop               ||     3
  Use: Potion            ||     1
Armor: Ring mail         ||    15
Dodge: Dodged            ||    31
Block: Kite shield       ||     9

Table legend: (Time is in decaauts)
 A = Elapsed time spent in this place.
 B = Non-inter-level travel time spent in this place.
 C = Inter-level travel time spent in this place.
 D = Time resting spent in this place.
 E = Time spent auto-exploring this place.
 F = Levels seen in this place.
 G = Mean time per level.
                   A        B        C        D        E       F      G
               +--------+--------+--------+--------+--------+-----+--------+
         Total |   1375 |   1320 |     55 |      0 |   1125 |   2 |  687.5 |
       Dungeon |   1375 |   1320 |     55 |      0 |   1125 |   2 |  687.5 |
               +--------+--------+--------+--------+--------+-----+--------+

Top non-repeatable levels by time:
     D:1: 1290 daAuts
     D:2: 85 daAuts
